 Dungeon Crawl Stone Soup version 0.30-a0-1103-g25895a7845 (webtiles) character file.

Game seed: 18395958969377962719

316090 Sobieck the Black Sun (level 20, -11/162 HPs)
             Began as a Mummy Necromancer on Apr 7, 2023.
             Was a High Priest of Kikubaaqudgha.
             Mangled by an ironbound preserver
             ... wielding a +0 morningstar
              (13 damage)
             ... on level 5 of the Vaults on Apr 18, 2023.
             The game lasted 03:58:43 (45960 turns).

Sobieck the Black Sun (Mummy Necromancer)          Turns: 45960, Time: 03:58:44

Health: -11/162    AC: 15    Str: 13    XL:     20   Next: 52%
Magic:  50/54      EV: 18    Int: 21    God:    Kikubaaqudgha [*****.]
Gold:   1754       SH:  0    Dex: 19    Spells: 4/61 levels left

rFire   . . .      SeeInvis +    b - staff of death {!astaff}
rCold   + + .      Faith    +    I - orb {*channel}
rNeg    + + +      Spirit   .    s - +4 troll leather armour
rPois   ∞          Reflect  .    T - +2 hat {Will+}
rElec   .          Rampage  .    V - scarf of Demons {rC+ rF+, Fly rCorr}
rCorr   +                        f - +2 pair of gloves
Will    +++..                    u - +1 pair of boots of the Dice {rPois rCorr SInv}
Stlth   ++                       l - amulet of magic regeneration {@e2}
HPRegen 1.27/turn                S - ring "Ahozeak" {MP+9 Dex+6}
MPRegen 0.74/turn                v - ring of wizardry

@: death channelling, forested, animating dead, flying, slowed, studying
Translocations, very slow
A: cold resistance 1, negative energy resistance 3, torment resistance 2, heat
vulnerability 1, in touch with death 2, no potions, faith
}: 2/15 runes: barnacled, gossamer
a: Renounce Religion, Unearth Wretches, Torment


You were on level 5 of the Vaults.
You worshipped Kikubaaqudgha.
Kikubaaqudgha was extremely pleased with you.
You visited 8 branches of the dungeon, and saw 39 of its levels.
You visited 1 bazaar.
You also visited: Sewer.

You collected 4318 gold pieces.
You spent 2564 gold pieces at shops.


Innate Abilities, Weirdness & Mutations

You are immune to poison.
Your flesh is cold resistant. (rC+)
You are immune to negative energy. (rN+++)
You are immune to unholy pain and torment.
You are vulnerable to heat. (rF-)
You are strongly in touch with the powers of death.
You do not drink.
You have a special connection with the divine. (Faith)


   Skills:
 - Level 15.0 Fighting
 + Level 10.9 Dodging
 - Level 1.5 Stealth
 - Level 21.0 Spellcasting
 - Level 10.0 Summonings
 - Level 24.0 Necromancy
 - Level 5.0 Translocations
 - Level 8.0 Ice Magic
 - Level 5.0 Earth Magic


You had 4 spell levels left.
You knew the following spells:

 Your Spells              Type           Power      Damage    Failure   Level
a - Infestation           Necr           80%        N/A       1%          8
b - Vampiric Draining     Necr           100%       2d13      1%          3
c - Simulacrum            Ice/Necr       70%        N/A       1%          6
d - Borgnjor's Vile Clut  Necr/Erth      68%        N/A       1%          5
e - Anguish               Hex/Necr       63%        N/A       1%          4
f - Agony                 Necr           100%       N/A       1%          5
g - Dispel Undead         Necr           100%       3d31      1%          4
h - Haunt                 Necr/Summ      71%        N/A       3%          7
i - Summon Forest         Summ/Tloc      26%        N/A       4%          5
A - Death Channel         Necr           80%        N/A       1%          6
B - Animate Dead          Necr           100%       N/A       1%          4

Your spell library contained the following spells:

 Spells                   Type           Power      Damage    Failure   Level
 Kiss of Death            Conj/Necr      100%       2d13      1%          1
 Necrotise                Necr           100%       1d9       1%          1
 Sandblast                Erth           86%        2d18      1%          1
 Summon Small Mammal      Summ           100%       N/A       1%          1
 Blink                    Tloc           86%        N/A       1%          2
 Cigotuvi's Dreadful Rot  Necr/Pois/Air  100%       N/A       1%          2
 Lesser Beckoning         Tloc           86%        N/A       1%          2
 Call Canine Familiar     Summ           59%        N/A       1%          3
 Summon Ice Beast         Ice/Summ       56%        N/A       1%          4
 Momentum Strike          Conj/Tloc      64%        3d9       2%          2
 Passwall                 Tmut/Erth      26%        N/A       2%          2
 Gell's Gravitas          Tloc           43%        N/A       2%          3
 Summon Guardian Golem    Hex/Summ       43%        N/A       2%          3
 Teleport Other           Tloc           43%        N/A       2%          3
 Animate Armour           Summ/Erth      100%       N/A       2%          4
 Foxfire                  Conj/Fire      88%        2x1d8     4%          1
 Magic Dart               Conj           88%        1d7       4%          1
 Slow                     Hex            88%        N/A       4%          1
 Sting                    Tmut/Pois      88%        1d7       4%          1
 Stone Arrow              Conj/Erth      64%        3d11      4%          3
 Volatile Blastmotes      Fire/Tloc      64%        2d15      4%          3
 Manifold Assault         Tloc           43%        N/A       4%          4
 Passage of Golubria      Tloc           43%        N/A       4%          4
 Summon Lightning Spire   Summ/Air       43%        N/A       4%          4
 Poisonous Vapours        Pois/Air       44%        N/A       5%          2
 Scorch                   Fire           44%        2d6       5%          2
 Searing Ray              Conj           44%        2d6       5%          2
 Static Discharge         Conj/Air       44%        2-4/arc   5%          2
 Confusing Touch          Hex            22%        N/A       9%          3
 Dazzling Flash           Conj/Hex       44%        N/A       9%          3
 Ignite Poison            Fire/Tmut/Pois 22%        N/A       9%          3
 Mephitic Cloud           Conj/Pois/Air  22%        N/A       9%          3
 Tukima's Dance           Hex            22%        N/A       9%          3
 Iskenderun's Mystic Bla  Conj/Tloc      32%        2d8       10%         4
 Leda's Liquefaction      Hex/Erth       16%        N/A       10%         4
 Petrify                  Tmut/Erth      32%        N/A       10%         4
 Airstrike                Air            11%        2d(2-18)  21%         4
 Flame Wave               Conj/Fire      22%        2d8       21%         4
 Fulminant Prism          Conj/Hex       11%        3d8       21%         4
 Olgreb's Toxic Radiance  Pois           22%        N/A       21%         4
 Sticky Flame             Conj/Fire      22%        2d4       21%         4
 Summon Cactus Giant      Summ           29%        N/A       8%          6
 Lee's Rapid Deconstruct  Erth           21%        3d12*     10%         5
 Summon Mana Viper        Hex/Summ       43%        N/A       10%         5
 Metabolic Englaciation   Hex/Ice        19%        N/A       13%         5
 Freezing Cloud           Conj/Ice/Air   16%        6-21      21%         5
 Monstrous Menagerie      Summ           29%        N/A       28%         7
 Summon Hydra             Summ           29%        N/A       28%         7
 Dispersal                Tloc           21%        N/A       34%         6
 Alistair's Intoxication  Tmut/Pois      14%        N/A       45%         5
 Fireball                 Conj/Fire      11%        3d7       45%         5
 Silence                  Hex/Air        11%        N/A       45%         5
 Yara's Violent Unravell  Hex/Tmut       11%        3d6       45%         5
 Conjure Ball Lightning   Conj/Air       11%        3x3d6     90%         6
 Eringya's Noxious Bog    Tmut/Pois      11%        N/A       90%         6
 Plasma Beam              Fire/Air       11%        2x1d24    90%         6
 Starburst                Conj/Fire      11%        6d5       90%         6
 Discord                  Hex            11%        N/A       100%        8
 Disjunction              Tloc           21%        N/A       100%        8
 Ignition                 Fire           11%        3d5       100%        8
 Lehudib's Crystal Spear  Conj/Erth      16%        10d5      100%        8
 Maxwell's Capacitive Co  Air            11%        ∞         100%        8
 Beastly Appendage        Tmut           Unusable   N/A       N/A         1
 Wereblood                Tmut           Unusable   N/A       N/A         2
 Spider Form              Tmut/Pois      Unusable   N/A       N/A         3
 Statue Form              Tmut/Erth      Unusable   N/A       N/A         6
 Storm Form               Tmut/Air       Unusable   N/A       N/A         7

Inventory:

Hand Weapons
 a - the +3 dagger of Gravity {freeze, MP+9 Int+4 SInv Stlth-, short}
   (You found it on level 3 of the Dungeon)

   Int:       It affects your intelligence (+4).
   MP:        It affects your magic capacity (+9).
   SInv:      It lets you see invisible.
   Stlth:     It makes you less stealthy.
 J - the +11 rapier of Disgust {freeze, rElec, short}
   (You acquired it on level 4 of the Vaults)

   rElec:     It insulates you from electricity.
Missiles
 j - 6 throwing nets {=f!fthrowing}
 n - 23 javelins {throwing}
 D - 8 silver boomerangs {throwing}
 H - 53 boomerangs {throwing}
 W - 6 silver javelins {throwing}
Armour
 f - a +2 pair of gloves (worn)
   (You found it on level 8 of the Dungeon)
 s - a +4 troll leather armour (worn)
   (You found it on level 5 of the Lair of Beasts)
 u - the +1 pair of boots of the Dice (worn) {rPois rCorr SInv}
   (You found it on level 10 of the Dungeon)

   rPois:     It protects you from poison.
   SInv:      It lets you see invisible.
   rCorr:     It protects you from acid and corrosion.
 F - the +1 helmet "Guivime" {rElec rC- rN+ Str+3}
   (You found it on level 3 of the Elven Halls)

   Str:       It affects your strength (+3).
   rC:        It makes you vulnerable to cold.
   rElec:     It insulates you from electricity.
   rN:        It protects you from negative energy.
 I - an orb of energy (worn)
   (You took it off an orc on level 3 of the Dungeon)
 T - a +2 hat of willpower (worn)
   (You found it on level 4 of the Spider Nest)
 V - the scarf of Demons (worn) {rC+ rF+, Fly rCorr}
   (You acquired it on level 2 of the Vaults)

   Fly:       It grants you flight.
   rCorr:     It protects you from acid and corrosion.
Magical Staves
 b - a staff of death (weapon) {!astaff}
   (You found it on level 10 of the Dungeon)
Jewellery
 c - the ring "Jiadint Jiaj" {rPois rF+ rN+ rCorr}
   (You found it on level 3 of the Elven Halls)

   [ring of positive energy]

   rF:        It protects you from fire.
   rPois:     It protects you from poison.
   rN:        It protects you from negative energy.
   rCorr:     It protects you from acid and corrosion.
 g - a ring of wizardry
   (You found it on level 9 of the Dungeon)
 h - a +5 ring of evasion
   (You found it on level 1 of the Dungeon)
 l - an amulet of magic regeneration (around neck) {@e2}
   (You bought it in a shop on level 2 of the Shoals)
 v - a ring of wizardry (right hand)
   (You found it on level 9 of the Dungeon)
 B - an amulet of guardian spirit
   (You found it on level 2 of the Dungeon)
 G - a ring of protection from fire
   (You found it on level 3 of the Shoals)
 Q - a ring of resist corrosion
   (You found it on level 3 of the Spider Nest)
 S - the ring "Ahozeak" (left hand) {MP+9 Dex+6}
   (You bought it in a shop on level 2 of the Shoals)

   [ring of dexterity]

   Dex:       It affects your dexterity (+6).
   MP:        It affects your magic capacity (+9).
 U - a ring of willpower
   (You found it on level 1 of the Vaults)
Wands
 p - a wand of mindburst (15)
   (You found it on level 3 of the Lair of Beasts)
 q - a wand of flame (64)
   (You found it on level 3 of the Lair of Beasts)
 z - a wand of acid (23)
   (You found it on level 6 of the Dungeon)
 A - a wand of paralysis (40)
   (You found it on level 5 of the Lair of Beasts)
 E - a wand of iceblast (31)
   (You took it off Pikel on level 6 of the Dungeon)
 M - a wand of digging (5)
   (You found it on level 2 of the Elven Halls)
Scrolls
 d - 12 scrolls of teleportation {@r4}
 e - 6 scrolls of fear
 i - 16 scrolls of identify {@r1}
 m - 3 scrolls of immolation {!r!r}
 o - 6 scrolls of noise {!r}
 r - 3 scrolls of vulnerability {!r!r}
 t - 2 scrolls of blinking {!r}
 w - 5 scrolls of poison
 x - 7 scrolls of enchant weapon
 C - 3 scrolls of magic mapping {!r}
 K - 2 scrolls of enchant armour
 P - 4 scrolls of brand weapon
 R - 2 scrolls of torment
 X - 6 scrolls of fog
 Y - 6 scrolls of amnesia
 Z - 2 scrolls of summoning
Miscellaneous
 k - a tin of tremorstones (2/2) {throwing}
   (You found it on level 2 of the Lair of Beasts)
 y - a condenser vane
   (You found it on level 3 of the Elven Halls)
 L - a phial of floods
   (You found it on level 13 of the Dungeon)
 N - a phantom mirror
   (You found it on level 1 of the Spider Nest)
 O - a lightning rod (4/4)
   (You found it on level 1 of the Spider Nest)

Dungeon Overview and Level Annotations

Branches:
Dungeon (15/15) Zot: 25121  Temple (1/1) D:5 Zot: 5969    Lair (5/5) D:10 Zot: 23223
 Shoals (4/4) Lair:2 Zot: 20111  Spider (4/4) Lair:3 Zot: 19484   Slime (0/5) Lair:4
    Orc (2/2) D:12 Zot: 8982     Elf (3/3) Orc:2 Zot: 14088  Vaults (4/5) D:14 Zot: 24126
  Crypt (0/3) Vaults:3     Depths (0/4) D:15          Sewer (visited)

Altars:
Ashenzari
Cheibriados
Fedhas
Gozag
Hepliaklqana
Kikubaaqudgha
Makhleb
Nemelex Xobeh
Okawaru
Qazlal
Ru
Sif Muna
Trog
Uskayaw
Vehumet
Wu Jian
Xom
Yredelemnul
Jiyva
Lugonu

Shops:
D:5 !   D:10 *   Orc:2 ((*?   Elf:2 [*=   Elf:3 (   Shoals:2 =(   Vaults:2 ?

Annotations:
D:12 1 runed translucent door
D:13 4 transporters
D:15 2 transporters, Bekuax's ghost, journeyman DgVM
Temple 2 transporters
Lair:5 3 runed translucent doors, NeonRainbow's ghost, journeyman NaEn
Spider:3 Roxanne
Elf:2 3 runed translucent doors

#. #....# #[♣#....#
#..#..~.#
####..#~.~~# ###.
.....Z#~Z~~#.....
.....§WZZZ.......
♣♣#♣♣#♣D.Z.Z...####
.....R♣pZZZZZZ.....
♣......@pZZZ.T.....
♣###♣♣♣#♣♣###♣#####


You could see an ironbound preserver (ally target), a quicksilver dragon (ally
target), a vault guard, a phantasmal warrior, a deep troll earth mage (ally
target), a friendly dryad (summoned), a friendly spectral dire elephant, a
friendly spectral lindwurm, a friendly spectral deep elf high priest, a friendly
spectral deep elf sorcerer, a friendly spectral yaktaur captain, a friendly
spectral stone giant (slow), a friendly spectral titan, a friendly spectral
tengu reaver, a friendly dire elephant zombie, a friendly lindwurm zombie, a
friendly deep elf high priest zombie, a friendly deep elf sorcerer zombie, a
friendly yaktaur captain zombie, a friendly stone giant zombie, a friendly titan
zombie and a friendly tengu reaver zombie.


Message History

The freezing wraith freezes your spectral stone giant!
Your spectral stone giant resists.
The freezing wraith hits your spectral stone giant.
The freezing wraith drains your spectral stone giant's vigour!
Your spectral stone giant seems to slow down.
The phantasmal warrior gestures at you.
The phantasmal warrior blinks!
Your dire elephant zombie tramples the deep troll earth mage but does no damage.
Your dire elephant zombie trunk-slaps the deep troll earth mage.
The deep elf sorcerer hits you but does no damage.
Unknown command.
The vault guard attacks as you move away!
The vault guard barely misses you.
The ironbound preserver attacks as you move away!
The ironbound preserver barely misses you.
The deep elf sorcerer hits your spectral titan with a +0 rapier!
Your spectral titan hits the deep elf sorcerer!!
The freezing wraith hits your spectral stone giant.
The freezing wraith freezes your spectral stone giant.
Your spectral stone giant resists.
The freezing wraith hits your spectral stone giant but does no damage.
The vault guard hits your spectral titan with a +3 great sword!!
The deep troll earth mage bites your dire elephant zombie but does no damage.
The deep troll earth mage claws your dire elephant zombie but does no damage. x2
The deep elf sorcerer hits your spectral titan with a +0 rapier!
Your spectral tengu reaver hits the freezing wraith.
Your spectral tengu reaver pecks the freezing wraith.
Your spectral tengu reaver claws the freezing wraith but does no damage.
Your dire elephant zombie barely misses the deep troll earth mage.
Your dire elephant zombie trunk-slaps the deep troll earth mage but does no damage.
Your spectral stone giant hits the freezing wraith.
Your stone giant zombie hits the freezing wraith!
The ironbound preserver barely misses you.
The phantasmal warrior gestures at you.
The phantasmal warrior blinks!
Your spectral titan hits the deep elf sorcerer!!
The vault guard hits your spectral titan with a +3 great sword!!
The freezing wraith hits your stone giant zombie but does no damage.
The freezing wraith hits your stone giant zombie.
Unknown command.
Unknown command.
The deep elf sorcerer hits your spectral titan but does no damage.
A quicksilver dragon comes into view.
Your spectral yaktaur captain hits the ironbound preserver!
Your spectral tengu reaver hits the freezing wraith but does no damage.
Your spectral tengu reaver pecks the freezing wraith but does no damage.
Your spectral tengu reaver claws the freezing wraith.
The deep elf sorcerer hits your spectral titan but does no damage.
Your dire elephant zombie tramples the deep troll earth mage.
The deep troll earth mage stumbles backwards!
Your stone giant zombie hits the freezing wraith.
Your spectral titan hits the deep elf sorcerer!!
The freezing wraith hits your stone giant zombie!
The freezing wraith freezes your stone giant zombie.
Your stone giant zombie resists.
The freezing wraith hits your stone giant zombie but does no damage.
Your spectral stone giant hits the freezing wraith.
Your spectral tengu reaver hits the freezing wraith but does no damage.
Your spectral tengu reaver pecks the freezing wraith but does no damage.
Your spectral tengu reaver claws the freezing wraith.
The freezing wraith is destroyed!
Kikubaaqudgha accepts your kill.
Unknown command.
Unknown command.
Unknown command.
Casting: Animate Dead (safe; 1% risk of failure)
Confirm with . or Enter, or press ? or * to list all spells.
A forested plane collides here with a resounding crunch!
Your dryad calls out to the forest.
The forest starts to sway and rumble!
You hear a shout!
The deep elf sorcerer hits your spectral titan but does no damage.
The quicksilver dragon bites your spectral titan!
The quicksilver dragon claws your spectral titan but does no damage.
Your spectral dire elephant completely misses the deep elf sorcerer.
Your spectral dire elephant trunk-slaps the deep elf sorcerer.
The deep elf sorcerer dies!
Kikubaaqudgha accepts your kill.
You hear a splash. x2
The dead are walking!
A glowing mist starts to gather...
The vault guard hits you with a +3 great sword!
* * * LOW HITPOINT WARNING * * *
The ironbound preserver hits you with a +0 morningstar!
* * * LOW HITPOINT WARNING * * *
The phantasmal warrior gestures at you.
The phantasmal warrior blinks!
The deep troll earth mage gestures next to the phantasmal warrior while chanting.
The metal wall shatters!
The blast of metal fragments hits your deep elf sorcerer zombie!!!
The blast of metal fragments hits the phantasmal warrior.
The blast of metal fragments hits your lindwurm zombie!!
The blast of metal fragments hits your spectral deep elf sorcerer!!
Your spectral yaktaur captain closely misses the ironbound preserver.
The quicksilver dragon bites your spectral titan.
The quicksilver dragon claws your spectral titan!
The vault guard hits you with a +3 great sword!
* * * LOW HITPOINT WARNING * * *
The ironbound preserver hits you with a +0 morningstar!
You die...
Kikubaaqudgha rasps: "You have failed me!
Welcome... oblivion!"

Skill      XL: |  1  2  3  4  5  6  7  8  9 10 11 12 13 14 15 16 17 18 19 20 |
---------------+-------------------------------------------------------------+-----
Spellcasting   | 3 4 5 6 8 11 12 17 18 19 20 21 | 21.0
Necromancy     | 5 6 7 10 11 12 13 15 16 19 20 22 24 | 24.0
Fighting       | 2 4 5 8 11 15 | 15.0
Dodging        | 2 4 5 7 10 | 10.9
Earth Magic    | 3 5 |  5.0
Ice Magic      | 6 8 |  8.0
Summonings     | 8 10 | 10.0
Translocations | 5 |  5.0
Stealth        | |  1.5

Action                     |  1- 3 |  4- 6 |  7- 9 | 10-12 | 13-15 | 16-18 | 19-21 || total
---------------------------+-------+-------+-------+-------+-------+-------+-------++-------
  Melee: Unarmed           |     4 |       |       |       |       |       |       ||     4
         Dagger            |       |    24 |   134 |    90 |       |       |       ||   248
         Staff             |       |       |       |    11 |    43 |    12 |     3 ||    69
         Rapier            |       |       |       |       |       |       |     5 ||     5
   Cast: Necrotise         |    73 |    80 |   194 |    24 |       |       |       ||   371
         Vampiric Draining |       |     6 |    59 |    24 |     4 |     5 |     1 ||    99
         Animate Dead      |       |       |     8 |    14 |    22 |    12 |     8 ||    64
         Borgnjor's Vile C |       |       |     6 |    84 |   180 |    46 |    81 ||   397
         Anguish           |       |       |     1 |    17 |    27 |    31 |    30 ||   106
         Agony             |       |       |       |     1 |     1 |     1 |     2 ||     5
         Simulacrum        |       |       |       |    14 |    49 |    53 |    11 ||   127
         Death Channel     |       |       |       |       |    45 |    55 |    29 ||   129
         Dispel Undead     |       |       |       |       |     4 |       |     2 ||     6
         Infestation       |       |       |       |       |     7 |    64 |    30 ||   101
         Haunt             |       |       |       |       |       |     4 |    37 ||    41
         Summon Forest     |       |       |       |       |       |    18 |    42 ||    60
 Invoke: Unearth Wretches  |       |       |     2 |    16 |    14 |    26 |    16 ||    74
         Receive Forbidden |       |       |       |       |     1 |       |       ||     1
         Torment           |       |       |       |       |       |     1 |       ||     1
  Evoke: Wand              |       |       |       |       |     9 |       |       ||     9
    Use: Scroll            |       |     4 |     5 |     8 |     9 |     7 |     4 ||    37
   Stab: Distracted        |       |       |     2 |     1 |     2 |       |       ||     5
         Paralysed         |       |       |       |     2 |       |     1 |       ||     3
 Armour: Robe              |     2 |     4 |    48 |    52 |       |       |       ||   106
         Troll leather arm |       |       |       |       |    49 |    57 |    37 ||   143
  Dodge: Dodged            |    10 |    45 |   298 |   208 |   159 |   144 |    79 ||   943

Levels and vault maps discovered:
D:1:      heliophobic_arrival_ceremonial_halls, layout_loops_corners,
          serial_forest, infiniplex_forest_zigzag_1, infiniplex_forest_pool,
          infiniplex_forest_lined_room_2, infiniplex_forest_straight_3,
          infiniplex_forest_lined_3, infiniplex_forest_clump_medium,
          nicolae_ecumenical_lake_church, corner_web_ring
D:2:      layout_rooms, basic_altar
D:3:      layout_basic, chequers_temple_overflow_statue_of_worship,
          grunt_ministairs_1
D:4:      layout_cave_pools, serial_bayou, serial_bayou_shore_b,
          serial_bayou_pond_c, serial_bayou_lagoon_a
D:5:      layout_gridville, nicolae_overflow_hidden_temple,
          minmay_temple_entry_proselytizer, serial_shops, shop, uniq_edmund
D:6:      layout_cave_pools, cheibrodos_sewer_entry_sluice, uniq_pikel,
          uniq_sigmund
D:7:      layout_basic
D:8:      layout_layer_cave, chequers_temple_overflow_minitemple
D:9:      layout_cave_pools, dreamdust_mushroom_princess
D:10:     layout_roguey, david_lair_generic, serial_demonic, serial_demonic_g,
          serial_demonic_d, serial_demonic_g, serial_demonic_g,
          serial_demonic_c, serial_demonic_d, hex_medium,
          nicolae_alphabet_shops, minmay_stone_trees_medium
D:11:     layout_basic
D:12:     layout_long_grid, david_orc_5, special_room [special_room_bee],
          nicolae_hydra_factorization
D:13:     layout_long_grid, gauntlet_entry_generic, drop_trap,
          nicolae_transporter_intersection
D:14:     kennysheep_kobold_lugonu_temple, layout_cross, erik_vaults_1,
          columned_hall_lemuel, uniq_rupert
D:15:     grunt_enter_depths_hoard, layout_stronghold,
          nzn_wu_jian_contemplation, nzn_ghost_randoct, zin_statuary,
          uniq_agnes, uniq_louise
Temple:   hellmonk_temple_divided_pantheon
Lair:1:   layout_gridlike, special_room, grunt_megastairs_5
Lair:2:   layout_loops_ring, minmay_shoals_entry_beasts, beast_lair_carwin_1
Lair:3:   layout_misc_corridors, dummy_spider_entry, pf_torpor_hydra
Lair:4:   layout_cellular_growth, dpeg_slime_entry_corner,
          portal_ice_cave_entry_pillars_1, serial_bayou_shore_b,
          grunt_megastairs_3
Lair:5:   grunt_lair_end_beastmaster, layout_hall_layers,
          gammafunk_ghost_hydra_chop, grunt_megastairs_1
Shoals:1: layout_shoals
Shoals:2: layout_shoals, serial_shops, nicolae_diamond_shop,
          nicolae_shop_firing_range
Shoals:3: layout_shoals
Shoals:4: shoals_end_grunt_ice, layout_shoals
Spider:1: layout_spider_delve, nicolae_spider_webbed_stairs
Spider:2: layout_spider_delve, uniq_arachne, uniq_kirke
Spider:3: spiders_nest_scorpion_pit, hellmonk_spider_spawner, uniq_roxanne,
          uniq_asterion, uniq_mara
Spider:4: grunt_spider_rune_island
Orc:1:    layout_caves, basic_altar, minmay_orc_temple_c
Orc:2:    grunt_orc_tribal_feast, layout_diamond_mine
Elf:1:    layout_geoelf_diagonals, hangedman_elf_disciples, drop_trap,
          st_stairs_9, hellmonk_bongcloud_opening, item_on_display_a,
          lemuel_upstairs_altar
Elf:2:    nicolae_elf_blades_splatter_lattice [mumra_blade_entry_dagger],
          layout_loops_cross, serial_shops, nicolae_stop_n_shop_1,
          nicolae_shop_trees, nicolae_shop_behind_doors, minivault_16,
          minmay_misc_feat_pillars
Elf:3:    minmay_elf_hall_statues, layout_gridlike, serial_shops,
          nicolae_square_shop
Vaults:1: vaults_room_large_hall, vaults_dpeg_emergency_exit,
          vaults_dpeg_diagonal, vaults_room_grunt_arrival_ludios,
          nicolae_vaults_little_squares_5, v_misc_2, v_misc_30, v_alt_pattern_1,
          ontoclasm_vaults_misaligned, special_room_vaults [special_room_orc],
          layout_vaults_chaotic_city, serial_shops, bzr_firewalk, uniq_aizul
Vaults:2: nicolae_vaults_asterisk, vaults_room_grid, ontoclasm_vaults_gateway,
          nicolae_vaults_little_squares_2, v_misc_8, vaults_room_corners,
          layout_vaults_omnigrid, serial_shops, nicolae_shop_waterfront
Vaults:3: v_misc_19, nicolae_vaults_network_quinsquares
          [nicolae_vaults_network_quincunx_subvault,
          nicolae_vaults_network_quincunx_subvault,
          nicolae_vaults_network_quincunx_subvault,
          nicolae_vaults_network_quincunx_subvault],
          minmay_crypt_entry_nasty_monster, vaults_mumra_hexcomb,
          nicolae_vaults_circle_grid_a, nicolae_vaults_bisected_slash,
          v_misc_19, ontoclasm_vaults_twist, nicolae_vaults_border_crossing,
          v_misc_11, nicolae_vaults_c_with_doors, dpeg_vaults_monster_box,
          layout_vaults_ring
Vaults:4: hangedman_vaults_impose, v_misc_9, vaults_room_semicircle,
          vaults_mumra_minichess, vaults_room_hangedman_quadrants,
          nicolae_vaults_triangles, nicolae_vaults_ninety_degrees,
          ontoclasm_vaults_eye, vaults_dpeg_hooks, hangedman_vaults_nails,
          v_misc_16, vaults_dpeg_ring, layout_vaults_omnicross
Vaults:5

Notes
Turn   | Place    | Note
-------+----------+-------------------------------------------
     0 | D:1      | Sobieck the Mummy Necromancer began the quest for the Orb.
     0 | D:1      | Reached XP level 1. HP: 13/13 MP: 4/4
   229 | D:1      | Reached skill level 3 in Spellcasting
   356 | D:1      | Reached XP level 2. HP: 19/19 MP: 3/6
   599 | D:1      | Found a faded altar of an unknown god.
  1447 | D:2      | Gained mutation: You are in touch with the powers of death.
                  | [Mummy growth]
  1447 | D:2      | Reached XP level 3. HP: 24/24 MP: 6/8
  1517 | D:2      | Reached skill level 4 in Spellcasting
  1803 | D:2      | Found a sacrificial altar of Ru.
  1885 | D:3      | Found an ornate altar of the Wu Jian Council.
  1885 | D:3      | Found a blossoming altar of Fedhas.
  1966 | D:2      | Reached skill level 5 in Necromancy
  1966 | D:2      | Reached XP level 4. HP: 24/30 MP: 5/10
  1975 | D:2      | Learned a level 3 spell: Vampiric Draining
  2112 | D:3      | Noticed a bullfrog
  2119 | D:3      | Killed a bullfrog
  2120 | D:3      | Reached skill level 5 in Spellcasting
  2120 | D:3      | Reached XP level 5. HP: 35/35 MP: 0/12
  2256 | D:3      | You add the spells Tukima's Dance, Passage of Golubria and
                  | Yara's Violent Unravelling to your library.
  2800 | D:3      | Identified the +3 dagger of Gravity {freeze, MP+9 Int+4
                  | SInv Stlth-}
  2966 | D:3      | Reached XP level 6. HP: 38/41 MP: 12/14
  3261 | D:3      | You add the spells Gell's Gravitas, Teleport Other and
                  | Dispersal to your library.
  3313 | D:4      | Reached skill level 6 in Necromancy
  3349 | D:4      | You pick up a book of Callings and begin reading...
  3349 | D:4      | You add the spells Summon Small Mammal, Call Canine
                  | Familiar and Summon Guardian Golem to your library.
  3439 | D:4      | Reached skill level 6 in Spellcasting
  3705 | D:4      | Reached XP level 7. HP: 46/46 MP: 17/17
  3794 | D:4      | Reached skill level 7 in Spellcasting
  3976 | D:4      | Identified the +9 long sword "Worm" {holy, Str+3 Dex+2}
  4176 | D:5      | Entered Level 5 of the Dungeon
  4182 | D:5      | You pick up a book of Spectacle and begin reading...
  4182 | D:5      | You add the spells Volatile Blastmotes, Dazzling Flash,
                  | Iskenderun's Mystic Blast and Starburst to your library.
  4253 | D:5      | Found a staircase to the Ecumenical Temple.
  4269 | Temple   | Entered the Ecumenical Temple
  4269 | Temple   | Found a transporter.
  4269 | Temple   | Found a transporter.
  4271 | Temple   | Found a transporter.
  4271 | Temple   | Found a transporter.
  4284 | Temple   | Became a worshipper of Kikubaaqudgha
  4321 | D:5      | Found Yrheug's Distillery.
  4340 | D:5      | Learned a level 4 spell: Animate Dead
  4356 | D:5      | You pick up a book of Scorching and begin reading...
  4356 | D:5      | You add the spells Scorch, Flame Wave and Summon Cactus
                  | Giant to your library.
  4429 | D:5      | Found a shimmering altar of Xom.
  4526 | D:5      | Reached skill level 7 in Necromancy
  4870 | D:5      | Noticed Edmund
  4877 | D:5      | Killed Edmund
  4878 | D:5      | Reached skill level 8 in Spellcasting
  5336 | D:5      | Reached XP level 8. HP: 38/52 MP: 20/20
  5341 | D:5      | Reached skill level 8 in Necromancy
  5534 | D:6      | Noticed Sigmund
  5554 | D:6      | Killed Sigmund
  5555 | D:6      | Reached skill level 9 in Necromancy
  5705 | D:6      | Found a glowing drain.
  5717 | D:6      | Reached * piety under Kikubaaqudgha
  5717 | D:6      | Received a gift from Kikubaaqudgha
  5738 | Sewer    | Entered a sewer
  5783 | Sewer    | Reached skill level 10 in Necromancy
  5924 | Sewer    | Reached skill level 1 in Fighting
  5989 | Sewer    | Reached skill level 2 in Dodging
  6009 | Sewer    | Reached ** piety under Kikubaaqudgha
  6330 | D:6      | Reached skill level 2 in Fighting
  6330 | D:6      | Reached XP level 9. HP: 61/61 MP: 17/21
  6429 | D:6      | You pick up a book of Callings and begin reading...
  6470 | D:6      | Noticed Pikel
  6499 | D:6      | Killed Pikel
  6500 | D:6      | Reached skill level 3 in Fighting
  6500 | D:6      | Reached skill level 3 in Dodging
  6739 | D:6      | Reached *** piety under Kikubaaqudgha
  6739 | D:6      | You add the spells Anguish, Borgnjor's Vile Clutch and
                  | Simulacrum to your library.
  6739 | D:6      | Received a gift from Kikubaaqudgha
  6898 | D:6      | Learned a level 5 spell: Borgnjor's Vile Clutch
  6903 | D:6      | Learned a level 4 spell: Anguish
  6964 | D:7      | Reached skill level 1 in Earth Magic
  7421 | D:7      | Learned a level 5 spell: Agony
  7851 | D:7      | You pick up a book of Debilitation and begin reading...
  7851 | D:7      | You add the spells Slow and Confusing Touch to your
                  | library.
  7877 | D:7      | Reached skill level 2 in Earth Magic
  7999 | D:7      | Reached skill level 11 in Necromancy
  8147 | D:7      | Reached skill level 4 in Fighting
  8232 | D:7      | a shapeshifter changed into a harpy
  8232 | D:7      | Noticed a harpy (shapeshifter)
  8232 | D:7      | Noticed a cyclops
  8711 | D:7      | Reached skill level 4 in Dodging
  8812 | D:8      | Reached **** piety under Kikubaaqudgha
  8822 | D:8      | Reached skill level 3 in Earth Magic
  8822 | D:8      | Reached XP level 10. HP: 72/72 MP: 8/22
  9069 | D:8      | Found a hazy altar of Hepliaklqana.
  9069 | D:8      | Found a hide-covered altar of Uskayaw.
  9077 | D:8      | Found a faded altar of an unknown god.
  9079 | D:8      | Found a faded altar of an unknown god.
 10175 | D:9      | Noticed a sixfirhy
 10177 | D:9      | Noticed a soul eater
 10207 | D:9      | Noticed a rust devil
 10217 | D:9      | Reached skill level 4 in Earth Magic
 10390 | D:9      | Identified the +4 rapier of Purpose {vamp, rPois rN+}
 10480 | D:9      | Reached skill level 5 in Fighting
 10582 | D:9      | You pick up a book of Storms and begin reading...
 10582 | D:9      | You add the spells Static Discharge, Airstrike and Summon
                  | Lightning Spire to your library.
 10590 | D:9      | You pick up a book of Vapours and begin reading...
 10590 | D:9      | You add the spells Poisonous Vapours, Mephitic Cloud and
                  | Freezing Cloud to your library.
 10882 | D:9      | Noticed a boulder beetle
 10891 | D:9      | Killed a boulder beetle
 10892 | D:9      | Reached skill level 12 in Necromancy
 11111 | D:10     | Entered Level 10 of the Dungeon
 11265 | D:10     | Noticed a sun demon
 11437 | D:10     | Found Ediraen's Eclectic Emporium.
 11492 | D:10     | Reached skill level 5 in Earth Magic
 11495 | D:10     | Noticed a tengu warrior
 11500 | D:10     | Killed a tengu warrior
 11788 | D:10     | Found a staircase to the Lair.
 11807 | Lair:1   | Entered Level 1 of the Lair of Beasts
 11820 | Lair:1   | Reached XP level 11. HP: 80/80 MP: 9/23
 12048 | Lair:1   | Reached skill level 9 in Spellcasting
 12056 | Lair:1   | Reached skill level 13 in Necromancy
 12063 | Lair:1   | Learned a level 6 spell: Simulacrum
 12402 | Lair:1   | Reached skill level 1 in Ice Magic
 12660 | Lair:1   | You pick up a book of Beasts and begin reading...
 12660 | Lair:1   | You add the spells Summon Ice Beast, Summon Mana Viper and
                  | Monstrous Menagerie to your library.
 13023 | Lair:2   | Reached skill level 10 in Spellcasting
 13023 | Lair:2   | Reached skill level 2 in Ice Magic
 13024 | Lair:2   | Reached skill level 3 in Ice Magic
 13033 | Lair:2   | Reached skill level 4 in Ice Magic
 13044 | Lair:2   | Reached skill level 5 in Ice Magic
 13135 | Lair:2   | You add the spells Ignite Poison, Sticky Flame and Ignition
                  | to your library.
 13291 | Lair:2   | Noticed an eight-headed hydra
 13304 | Lair:2   | Killed an eight-headed hydra
 13305 | Lair:2   | Reached skill level 6 in Ice Magic
 13309 | Lair:2   | Noticed a skyshark
 13322 | Lair:2   | Killed a skyshark
 13530 | Lair:2   | Reached skill level 11 in Spellcasting
 13652 | Lair:2   | Reached XP level 12. HP: 86/86 MP: 22/27
 13818 | Lair:2   | Found a staircase to the Shoals.
 13926 | Lair:2   | Noticed a catoblepas
 13936 | Lair:2   | Killed a catoblepas
 13937 | Lair:2   | Reached skill level 7 in Ice Magic
 14410 | Lair:3   | Noticed a four-headed hydra
 14555 | Lair:3   | Noticed a five-headed hydra
 14561 | Lair:3   | Reached skill level 8 in Ice Magic
 14598 | Lair:3   | Killed a four-headed hydra
 14860 | Lair:3   | Found a hole to the Spider Nest.
 15020 | Lair:3   | Found a runed translucent door.
 15103 | Lair:3   | Noticed a seven-headed hydra
 15257 | Lair:3   | Killed a seven-headed hydra
 15260 | Lair:3   | Reached skill level 14 in Necromancy
 15578 | Lair:4   | You add the spells Alistair's Intoxication and Eringya's
                  | Noxious Bog to your library.
 15611 | Lair:4   | Found a frozen archway.
 15858 | Lair:4   | Found a viscous altar of Jiyva.
 15959 | Lair:4   | Found a staircase to the Slime Pits.
 16059 | Lair:4   | You pick up a book of the Earth and begin reading...
 16059 | Lair:4   | You add the spells Leda's Liquefaction and Lee's Rapid
                  | Deconstruction to your library.
 16570 | Lair:5   | Entered Level 5 of the Lair of Beasts
 16576 | Lair:5   | Reached skill level 15 in Necromancy
 16804 | Lair:5   | Reached skill level 12 in Spellcasting
 16826 | Lair:5   | Noticed a death yak
 16826 | Lair:5   | Noticed a death yak
 16828 | Lair:5   | Noticed a death yak
 16833 | Lair:5   | Killed a death yak
 16834 | Lair:5   | Gained mutation: You are strongly in touch with the powers
                  | of death. [Mummy growth]
 16834 | Lair:5   | Reached XP level 13. HP: 91/91 MP: 7/29
 17007 | Lair:5   | Reached skill level 13 in Spellcasting
 17188 | Lair:5   | Reached skill level 14 in Spellcasting
 17211 | Lair:5   | Found a runed translucent gate.
 17211 | Lair:5   | Found a runed translucent gate.
 17211 | Lair:5   | Found a runed translucent gate.
 17213 | Lair:5   | Noticed NeonRainbow's ghost (journeyman NaEn)
 17419 | Lair:5   | Reached skill level 15 in Spellcasting
 17459 | Lair:5   | You pick up a book of Sloth and begin reading...
 17459 | Lair:5   | You add the spells Petrify and Metabolic Englaciation to
                  | your library.
 17746 | Lair:5   | Reached skill level 16 in Spellcasting
 18705 | D:10     | Reached ***** piety under Kikubaaqudgha
 18935 | D:10     | Identified the +1 pair of boots of the Dice {rPois rCorr
                  | SInv}
 19307 | D:11     | You pick up a book of Decay and begin reading...
 19307 | D:11     | You add the spells Cigotuvi's Dreadful Rot, Dispel Undead
                  | and Death Channel to your library.
 19313 | D:11     | Learned a level 4 spell: Dispel Undead
 19320 | D:11     | Learned a level 6 spell: Death Channel
 19392 | D:11     | Reached skill level 17 in Spellcasting
 20077 | D:12     | Reached skill level 5 in Dodging
 20287 | D:12     | Reached XP level 14. HP: 79/99 MP: 15/35
 20298 | D:12     | Reached skill level 6 in Fighting
 20500 | D:12     | You fall into a shaft and drop 2 floors!
 20518 | D:14     | Reached skill level 6 in Dodging
 20694 | D:14     | Noticed Rupert
 20694 | D:14     | Paralysed by Rupert for 5 turns
 20702 | D:14     | Killed Rupert
 20703 | D:14     | Reached skill level 7 in Fighting
 20707 | D:14     | a +0 executioner's axe of freezing {axerare=g}; a +1 ring
                  | mail of poison resistance
 20815 | D:14     | Found a gate to the Vaults.
 20873 | D:14     | a +0 executioner's axe of freezing {axerare=g}; a +1 ring
                  | mail of poison resistance
 21165 | D:14     | a +0 executioner's axe of freezing {axerare=g}; a +1 ring
                  | mail of poison resistance
 21165 | D:14     | a +0 executioner's axe of freezing {axerare=g}; a +1 ring
                  | mail of poison resistance
 21165 | D:14     | Could not pick up a +0 executioner's axe of freezing
                  | {axerare=g} here; ([A]lways) ignore it?
 21272 | D:14     | Found a corrupted altar of Lugonu.
 21572 | D:12     | Reached skill level 8 in Fighting
 21572 | D:12     | Reached skill level 7 in Dodging
 21975 | D:12     | Found a runed translucent door.
 22144 | D:12     | Found a staircase to the Orcish Mines.
 22548 | Orc:1    | Entered Level 1 of the Orcish Mines
 22631 | Orc:1    | Reached ****** piety under Kikubaaqudgha
 22698 | Orc:1    | You add the spells Haunt and Infestation to your library.
 22698 | Orc:1    | Received a gift from Kikubaaqudgha
 23659 | Orc:2    | Entered Level 2 of the Orcish Mines
 24418 | Orc:2    | Found a staircase to the Elven Halls.
 24639 | Orc:2    | Reached skill level 18 in Spellcasting
 24653 | Orc:2    | Paralysed by an orc sorcerer for 3 turns
 24662 | Orc:2    | Found Ohanue Ukaq's Magic Scroll Emporium.
 24662 | Orc:2    | Found Uttiosch's Weapon Boutique.
 24669 | Orc:2    | Found Quycatew's Assorted Antiques.
 24669 | Orc:2    | Found Xarap's Weapon Boutique.
 24687 | Orc:2    | Bought a scroll of enchant armour for 105 gold pieces
 24687 | Orc:2    | Bought a scroll of enchant armour for 105 gold pieces
 24687 | Orc:2    | Bought a scroll of blinking for 105 gold pieces
 24689 | Orc:2    | Bought a scroll of enchant armour for 195 gold pieces
 24984 | Orc:1    | You fall into a shaft and drop 1 floor!
 25290 | D:13     | Reached skill level 16 in Necromancy
 25516 | D:13     | Reached XP level 15. HP: 110/110 MP: 24/37
 25525 | D:13     | Learned a level 8 spell: Infestation
 25610 | D:13     | Found a transporter.
 25666 | D:13     | Found a transporter.
 25707 | D:13     | Found a transporter.
 25820 | D:13     | Found a transporter.
 25959 | D:15     | Entered Level 15 of the Dungeon
 26058 | D:15     | Noticed Agnes
 26066 | D:15     | Killed Agnes
 26360 | D:15     | Reached skill level 17 in Necromancy
 26374 | D:15     | Found a transporter.
 26416 | D:15     | Found a transporter.
 26439 | D:15     | HP: 1/110 [fire dragon/blast of flame (43)]
 26440 | D:15     | Your ally Agnes died
 26441 | D:15     | Noticed Bekuax's ghost (journeyman DgVM)
 26576 | D:15     | Found a staircase to the Depths.
 26804 | D:15     | Found an ornate altar of the Wu Jian Council.
 26848 | D:15     | Noticed Louise
 26860 | D:15     | Killed Louise
 27278 | D:15     | Identified the +0 leather armour "Laogut" {rCorr}
 27578 | Spider:1 | Entered Level 1 of the Spider Nest
 28033 | Spider:1 | Reached skill level 18 in Necromancy
 28354 | Spider:1 | You pick up a book of Fire and begin reading...
 28354 | Spider:1 | You add the spells Foxfire, Fireball and Plasma Beam to
                  | your library.
 28725 | Spider:2 | Identified the +0 chain mail of the Morning {rCorr Stlth+}
 28780 | Spider:2 | Noticed Kirke
 28786 | Spider:2 | Killed Kirke
 28957 | Spider:2 | Noticed Arachne
 28963 | Spider:2 | Killed Arachne
 29005 | Spider:2 | You pick up a book of the Wilderness and begin reading...
 29038 | Spider:2 | You add the spells Sting and Olgreb's Toxic Radiance to
                  | your library.
 29446 | Spider:2 | Identified the +3 leather armour of Sif Muna {Rampage
                  | +Blink Str+2}
 29459 | Spider:2 | Reached skill level 19 in Necromancy
 29529 | Spider:2 | Upgraded the game from 0.30-a0-1018-g25214051b3 to
                  | 0.30-a0-1035-g38d5fb2972
 29711 | Spider:3 | Noticed Roxanne
 29729 | Spider:3 | Reached skill level 19 in Spellcasting
 29729 | Spider:3 | Reached XP level 16. HP: 60/117 MP: 26/39
 29820 | Spider:3 | Noticed Asterion
 29830 | Spider:3 | Noticed an Executioner
 29830 | Spider:3 | Killed Asterion
 29839 | Spider:3 | Reached skill level 20 in Spellcasting
 29881 | Spider:3 | Reached skill level 1 in Summonings
 29889 | Spider:3 | Learned a level 7 spell: Haunt
 29933 | Spider:3 | Identified the +0 morningstar "Dijen" {flame, *Slow Str+7
                  | Int-2 SInv}
 29937 | Spider:3 | You pick up a book of Callings and begin reading...
 29962 | Spider:3 | You pick up a book of Chaos and begin reading...
 29962 | Spider:3 | You add the spells Conjure Ball Lightning, Disjunction and
                  | Discord to your library.
 29994 | Spider:3 | Reached skill level 2 in Summonings
 30017 | Spider:3 | Reached skill level 3 in Summonings
 30177 | Spider:3 | You pick up a book of Necromancy and begin reading...
 30398 | Spider:3 | Noticed Mara
 30443 | Spider:3 | Noticed Sobieck's illusion
 30552 | Spider:3 | HP: 24/117 [Mara/+3 demon whip of venom (21)]
 30557 | Spider:3 | Killed Mara
 30558 | Spider:3 | Reached skill level 4 in Summonings
 30681 | Spider:3 | Reached skill level 5 in Summonings
 31071 | Spider:4 | Entered Level 4 of the Spider Nest
 31096 | Spider:3 | HP: 26/117 [tarantella (9)]
 31192 | Spider:4 | Reached skill level 6 in Summonings
 31286 | Spider:4 | Reached skill level 7 in Summonings
 31508 | Spider:4 | Reached skill level 8 in Summonings
 31538 | Spider:4 | Reached XP level 17. HP: 122/122 MP: 1/41
 31809 | Spider:4 | You pick up a book of Beasts and begin reading...
 31942 | Spider:4 | Got a gossamer rune of Zot
 32087 | Shoals:1 | Entered Level 1 of the Shoals
 32119 | Shoals:1 | Reached skill level 9 in Summonings
 32881 | Shoals:2 | Found Remir's Firing Range.
 32882 | Shoals:2 | You pick up a book of Spatial Translocations and begin
                  | reading...
 32882 | Shoals:2 | You add the spells Blink, Momentum Strike and Lesser
                  | Beckoning to your library.
 33343 | Shoals:2 | Found Ynkituf's Jewellery Emporium.
 33366 | Shoals:2 | Bought the ring "Ahozeak" {MP+9 Dex+6} for 928 gold pieces
 33366 | Shoals:2 | Bought an amulet of magic regeneration for 450 gold pieces
 33648 | Shoals:2 | Learned a level 5 spell: Summon Forest
 33723 | Shoals:3 | Reached skill level 10 in Summonings
 33734 | Shoals:3 | Reached skill level 21 in Spellcasting
 33772 | Shoals:3 | Reached skill level 1 in Translocations
 33824 | Shoals:3 | Reached skill level 2 in Translocations
 34369 | Shoals:4 | Entered Level 4 of the Shoals
 34423 | Shoals:4 | Reached skill level 3 in Translocations
 34600 | Shoals:4 | Reached skill level 4 in Translocations
 34627 | Shoals:4 | Got a barnacled rune of Zot
 34799 | Shoals:4 | You pick up a book of Geomancy and begin reading...
 34799 | Shoals:4 | You add the spells Sandblast, Passwall and Stone Arrow to
                  | your library.
 34935 | Shoals:4 | Reached skill level 5 in Translocations
 35117 | Shoals:4 | Reached skill level 20 in Necromancy
 35130 | Shoals:4 | Reached XP level 18. HP: 129/129 MP: 43/43
 35211 | Shoals:4 | You pick up a book of Geomancy and begin reading...
 35715 | Elf:1    | Entered Level 1 of the Elven Halls
 35723 | Elf:1    | HP: 20/129 [deep elf zephyrmancer/bolt of lightning (30)]
 35927 | Vaults:1 | Entered Level 1 of the Vaults
 36038 | Vaults:1 | Found a flickering gateway to a bazaar.
 36047 | Bazaar   | Entered a bazaar
 36047 | Bazaar   | Found Ovoidi's Antique Armour Boutique.
 36047 | Bazaar   | Found Tidaowe's Armour Shop.
 36047 | Bazaar   | Found Viss's Weapon Shop.
 36183 | Vaults:1 | Noticed Aizul
 36190 | Vaults:1 | Killed Aizul
 37018 | Vaults:1 | Your ally Aizul died
 37024 | Vaults:1 | Reached skill level 21 in Necromancy
 37756 | Vaults:2 | Found Xichiux's Magic Scroll Emporium.
 37770 | Vaults:2 | Bought a scroll of acquirement for 676 gold pieces
 37770 | Vaults:2 | Acquired the scarf of Demons {rC+ rF+, Fly rCorr}
 38245 | Vaults:2 | You pick up a book of Displacement and begin reading...
 38885 | Vaults:3 | Reached skill level 22 in Necromancy
 38932 | Vaults:3 | Reached skill level 9 in Fighting
 39022 | Vaults:3 | Reached skill level 10 in Fighting
 39366 | Vaults:3 | Reached skill level 11 in Fighting
 39481 | Vaults:3 | Found a staircase to the Crypt.
 39481 | Vaults:3 | Noticed a bone dragon
 39492 | Vaults:3 | Killed a bone dragon
 39493 | Vaults:3 | Reached XP level 19. HP: 145/145 MP: 44/44
 39646 | Vaults:3 | Reached skill level 12 in Fighting
 39935 | Vaults:3 | Noticed a golden dragon
 39976 | Vaults:3 | Killed a golden dragon
 40043 | Vaults:3 | Reached skill level 23 in Necromancy
 40377 | Vaults:4 | You pick up a book of Unlife and begin reading...
 40540 | Vaults:4 | Reached skill level 13 in Fighting
 40617 | Vaults:4 | Upgraded the game from 0.30-a0-1035-g38d5fb2972 to
                  | 0.30-a0-1043-g60ff8d5f49
 40819 | Vaults:4 | You pick up a book of the Senses and begin reading...
 41043 | Vaults:4 | Reached skill level 14 in Fighting
 41553 | Vaults:4 | Acquired the +11 rapier of Disgust {freeze, rElec}
 41868 | Elf:1    | You pick up a book of Armaments and begin reading...
 41868 | Elf:1    | You add the spells Animate Armour and Lehudib's Crystal
                  | Spear to your library.
 41899 | Elf:1    | Paralysed by an air elemental for 1 turns
 42490 | Elf:1    | Reached skill level 24 in Necromancy
 42527 | Elf:1    | Paralysed by an air elemental for 1 turns
 42814 | Elf:2    | Found Otiaseow's Assorted Antiques.
 42950 | Elf:2    | You pick up a book of the Sky and begin reading...
 43014 | Elf:2    | Found a runed translucent gate.
 43014 | Elf:2    | Found a runed translucent gate.
 43014 | Elf:2    | Found a runed translucent gate.
 43066 | Elf:2    | Found Yxtill's Armour Boutique.
 43164 | Elf:2    | Found Irphoheno's Jewellery Shop.
 43823 | Elf:2    | Reached skill level 15 in Fighting
 43982 | Elf:3    | Entered Level 3 of the Elven Halls
 44012 | Elf:3    | Reached XP level 20. HP: 130/162 MP: 41/45
 44022 | Elf:3    | Found Eraa's Weapon Shop.
 44513 | Elf:3    | Reached skill level 8 in Dodging
 44765 | Elf:3    | Upgraded the game from 0.30-a0-1043-g60ff8d5f49 to
                  | 0.30-a0-1066-g63dfefce0d
 44928 | Elf:3    | Reached skill level 9 in Dodging
 45052 | Elf:3    | Reached skill level 10 in Dodging
 45093 | Elf:3    | Identified the +4 quarterstaff of the Middle {speed,
                  | *Corrode rF++ rC+ Dex+2}
 45095 | Elf:3    | Identified the +1 helmet "Guivime" {rElec rC- rN+ Str+3}
 45192 | Elf:3    | Identified the +4 halberd of the Living Dead {flame, rF+
                  | rC+ Dex+2}
 45194 | Elf:3    | a deep elf blademaster comes into view. It is wielding two
                  | +0 short swords, wearing a +2 chain mail of cold resistance
                  | and wearing the necklace of Bloodlust {Fury *Rage Will++
                  | Int-3 Slay+6}.
 45215 | Elf:3    | Aim: a deep elf blademaster, wielding two +0 short swords,
                  | wearing a +2 chain mail of cold resistance and wearing the
                  | necklace of Bloodlust {Fury *Rage Will++ Int-3 Slay+6}
                  | (ally target, 100% to hit)
 45215 | Elf:3    | Aim: a deep elf blademaster, wielding two +0 short swords,
                  | wearing a +2 chain mail of cold resistance and wearing the
                  | necklace of Bloodlust {Fury *Rage Will++ Int-3 Slay+6}
                  | (ally target, 100% to hit)
 45216 | Elf:3    | Aim: a deep elf blademaster, wielding two +0 short swords,
                  | wearing a +2 chain mail of cold resistance and wearing the
                  | necklace of Bloodlust {Fury *Rage Will++ Int-3 Slay+6}
                  | (moderately wounded, berserk, constricted by zombie hands,
                  | ally target)
 45216 | Elf:3    | Aim: a deep elf blademaster, wielding two +0 short swords,
                  | wearing a +2 chain mail of cold resistance and wearing the
                  | necklace of Bloodlust {Fury *Rage Will++ Int-3 Slay+6}
                  | (moderately wounded, berserk, constricted by zombie hands,
                  | ally target)
 45279 | Elf:3    | You pick up a book of Changes and begin reading...
 45281 | Elf:3    | You pick up a book of Conjurations {@e2} and begin
                  | reading...
 45281 | Elf:3    | You add the spells Magic Dart, Searing Ray and Fulminant
                  | Prism to your library.
 45286 | Elf:3    | You pick up a book of the Wilderness and begin reading...
 45289 | Elf:3    | Identified the +6 shortbow of Dismemberment {drain, rElec
                  | Str+2 Stlth+}
 45291 | Elf:3    | You pick up a book of Vapours and begin reading...
 45295 | Elf:3    | You pick up a book of Conjurations {@e2} and begin
                  | reading...
 45302 | Elf:3    | Identified the +2 pair of gloves "Neat" {-Tele rPois rCorr
                  | Stlth+}
 45310 | Elf:3    | Identified the staff of fire "Ubeacw" {rPois rF+}
 45328 | Elf:3    | Identified the +6 short sword of Velog {venom, rElec rF++
                  | Stlth-}
 45397 | Elf:3    | You pick up a book of Displacement and begin reading...
 45552 | Elf:3    | Identified the ring "Jiadint Jiaj" {rPois rF+ rN+ rCorr}
 45557 | Elf:3    | Upgraded the game from 0.30-a0-1066-g63dfefce0d to
                  | 0.30-a0-1094-g860fb061e7
 45621 | Elf:3    | Upgraded the game from 0.30-a0-1094-g860fb061e7 to
                  | 0.30-a0-1103-g25895a7845
 45946 | Vaults:5 | Entered Level 5 of the Vaults
 45956 | Vaults:5 | HP: 39/162 [freezing wraith (6)]
 45960 | Vaults:5 | HP: 18/162 [ironbound preserver/+0 morningstar (9)]
 45960 | Vaults:5 | HP: 2/162 [vault guard/+3 great sword (16)]
 45960 | Vaults:5 | Mangled by an ironbound preserver

Vanquished Creatures
  A bone dragon (Vaults:3)
  Rupert (D:14)
  2 deep elf master archers (Elf:3)
  Asterion (Spider:3)
  A sphinx (Vaults:1)
  Agnes (D:15)
  A frost giant (Shoals:4)
  A ghost moth (Spider:4)
  Aizul (Vaults:1)
  A deep elf sorcerer (Elf:2)
  A vault warden (Vaults:4)
  2 ironbound preservers
  A stone giant (Vaults:3)
  A deep elf demonologist (Elf:3)
  A deep elf annihilator (Elf:3)
  2 deep elf death magi
  An ettin (Vaults:2)
  3 yaktaur captains
  A great orb of eyes (Vaults:1)
  A merfolk javelineer (Shoals:3)
  3 hydras
  2 deep elf high priests (Elf:3)
  An ice dragon (D:14)
  An entropy weaver (Spider:2)
  An ogre mage (D:15)
  2 jorogumos (Spider:2)
  A catoblepas (Lair:2)
  2 ironbound frosthearts
  12 dancing weapons
  A merfolk aquamancer (Shoals:4)
  A two-headed ogre (D:11)
  3 boulder beetles
  2 death yaks (Lair:5)
  A tengu warrior (D:10)
  A deep elf knight (Elf:1)
  A skyshark (Lair:5)
  2 sun demons (D:10)
  A sun moth (Spider:2)
  4 deep trolls
  A necromancer (Vaults:3)
  2 deep elf archers
  5 ironbound convokers
  2 wizards
  A lindwurm (Vaults:1)
  Pikel (D:6)
  2 orc knights (Orc:2)
  12 deep elf pyromancers
  A wolf spider (Spider:1)
  A harpy (Vaults:3)
  A steelbarb worm (Spider:2)
  2 deep elf zephyrmancers (Elf:3)
  A cyclops (D:13)
  3 manticores
  3 ugly things
  3 orc sorcerers
  A moth of wrath (Spider:3)
  3 merfolk sirens
  A black mamba (Lair:1)
  A stone giant skeleton (Vaults:3)
  4 vault sentinels
  A torpor snail (Lair:3)
  A gargoyle (D:12)
  2 demonic crawlers (Spider:1)
  An unseen horror (D:11)
  4 kobold demonologists
  6 cane toads
  An efreet (D:14)
  6 yaktaurs
  5 komodo dragons
  A tengu conjurer (D:11)
  3 rime drakes
  2 hellwings (D:10)
  A meliai (D:12)
  2 merfolk
  2 polar bears
  A hornet (Spider:3)
  5 trolls
  2 tarantellas
  5 blink frogs
  2 wind drakes
  2 dream sheep (Lair:5)
  Sigmund (D:6)
  A wyvern (Lair:4)
  A jumping spider (Spider:2)
  A wraith (D:12)
  4 basilisks
  A water elemental (Shoals:4)
  14 yaks
  A steam dragon (D:7)
  4 vampire mosquitoes
  3 redbacks (Spider:1)
  Edmund (D:5)
  2 acid dragons
  2 wargs (Orc:1)
  5 water moccasins
  A nameless horror (Shoals:3)
  A sky beast (D:8)
  3 black bears
  A glowing shapeshifter skeleton (Vaults:3)
  21 orc warriors
  8 ogres
  A boggart (Elf:1)
  4 wolves
  2 centaurs
  A phantom (D:3)
  6 kobold brigands
  8 bullfrogs
  3 gnoll sergeants
  A scorpion (Spider:3)
  An earth elemental (Elf:3)
  5 wights
  9 killer bees
  3 howler monkeys
  2 quasits (D:10)
  3 jellies
  14 orc priests
  5 hounds
  3 sleepcaps
  3 gnoll boudas
  6 iguanas
  16 orc wizards
  13 gnolls
  10 river rats (Sewer)
  8 adders
  5 shadow imps
  2 white imps
  2 ufetubi
  2 dart slugs
  49 orcs
  15 ball pythons
  7 endoplasms
  A giant cockroach (D:1)
  6 goblins
  5 hobgoblins
  2 quokkas
  9 bats
  2 frilled lizards
  32 kobolds
  11 rats
526 creatures vanquished.

Vanquished Creatures (collateral kills)
  Mara (Spider:3)
  A golden dragon (Vaults:3)
  Arachne (Spider:2)
  A lich (Vaults:4)
  A quicksilver dragon (Vaults:3)
  A deep elf master archer (Elf:3)
  3 deep elf blademasters (Elf:3)
  2 sphinxes (Vaults:3)
  A tengu reaver (Vaults:3)
  Kirke (Spider:2)
  A shadow dragon (Vaults:3)
  A fire giant (Vaults:4)
  3 emperor scorpions
  5 deep elf sorcerers
  8 vault wardens
  4 ghost moths
  An orc warlord (Vaults:3)
  4 deep elf elementalists
  5 ironbound preservers
  A war gargoyle (Vaults:4)
  2 broodmothers (Spider:3)
  2 ironbound thunderhulks (Vaults:4)
  2 deep elf demonologists (Elf:3)
  7 deep elf annihilators (Elf:3)
  7 dire elephants
  2 spark wasps
  3 merfolk javelineers (Shoals:4)
  12 merfolk impalers
  4 deep elf death magi (Elf:3)
  A deep elf high priest (Elf:3)
  8 yaktaur captains
  5 entropy weavers
  A fire dragon (D:15)
  An ogre mage (Vaults:4)
  A vault guard (Vaults:3)
  A catoblepas (Lair:5)
  8 centaur warriors
  3 jorogumos
  2 peacekeepers (Vaults:4)
  5 ironbound frosthearts
  A merfolk avatar (Shoals:2)
  7 boulder beetles
  A satyr (Shoals:3)
  A radroach (Spider:1)
  4 death yaks (Lair:5)
  A tengu warrior (D:14)
  3 alligator snapping turtles
  A deep troll shaman (Lair:5)
  7 orc high priests
  2 two-headed ogres
  4 dancing weapons
  A titan zombie (Vaults:3)
  2 deep elf knights
  A soul eater (D:10)
  13 sea snakes
  2 sun moths
  5 skysharks
  5 pharaoh ants
  A goliath frog (shapeshifter) (Vaults:3)
  A flayed ghost (Vaults:3)
  A glowing orange brain (Vaults:2)
  14 deep trolls
  6 orb spiders
  3 deep elf archers
  3 orc knights
  5 wizards
  An orange crystal statue (Elf:2)
  10 ironbound convokers
  A phantasmal warrior (Vaults:4)
  5 lindwurms
  2 necromancers
  12 harpies
  8 steelbarb worms
  An orc sorcerer (Orc:2)
  14 deep elf pyromancers
  21 wolf spiders
  13 ugly things
  A human zombie (Vaults:2)
  11 deep elf zephyrmancers
  2 cyclopes
  10 manticores
  7 fauns
  2 moths of wrath
  13 vault sentinels
  4 black mambas
  A human skeleton (Vaults:2)
  9 demonic crawlers
  7 merfolk sirens
  5 torpor snails
  8 elephants (Lair:5)
  2 water nymphs (Shoals:2)
  A frost giant skeleton (Vaults:3)
  3 cane toads
  An unseen horror (D:13)
  A rime drake (Lair:1)
  9 yaktaurs
  3 kobold demonologists
  2 tengu conjurers (D:14)
  A freezing wraith (Vaults:5)
  4 komodo dragons
  A queen bee (D:12)
  3 polar bears
  36 merfolk
  3 meliai
  A tengu simulacrum (Vaults:2)
  3 wind drakes
  3 trolls
  19 tarantellas
  6 dream sheep
  A dream sheep (shapeshifter) (Elf:2)
  A blink frog (Lair:5)
  8 hornets (Spider:3)
  9 snapping turtles
  2 air elementals (Elf:1)
  8 culicivoras
  24 slime creatures
  23 yaks
  26 jumping spiders
  A wraith (D:13)
  A vampire (D:10)
  A basilisk (Lair:3)
  6 water elementals
  3 hogs (Spider:2)
  2 fire elementals (Elf:1)
  A redback simulacrum (D:14)
  44 redbacks
  5 water moccasins
  4 ogres
  15 orc warriors
  15 wolves
  A centaur (D:9)
  2 kobold brigands
  2 bullfrogs
  4 scorpions (Spider:3)
  An earth elemental (Elf:1)
  5 wights
  17 killer bees
  2 howler monkeys
  A quasit (D:10)
  6 orc priests
  An iguana (D:6)
  8 orc wizards
  8 gnolls
  3 adders
  A river rat (Sewer)
  A white imp (D:6)
  2 orc zombies (Orc:2)
  49 orcs
  An endoplasm (D:2)
  A goblin (D:2)
  5 kobolds
  3 training dummies (Shoals:2)
  2 ball pythons
  A frilled lizard (Sewer)
  2 rats (Sewer)
  2 fungi (Spider:3)
  A plant (Lair:3)
820 creatures vanquished.

Vanquished Creatures (others)
  2 titans
  A sphinx (Vaults:3)
  2 tengu reavers
  2 emperor scorpions
  3 frost giants
  Louise (D:15)
  3 ghost moths
  2 fire giants
  2 deep elf sorcerers
  4 vault wardens
  3 ironbound preservers
  2 broodmothers
  3 ironbound thunderhulks
  3 stone giants
  A deep elf demonologist (Vaults:3)
  3 deep elf annihilators
  6 spark wasps
  A dire elephant (Vaults:5)
  4 entropy weavers
  2 deep elf death magi
  A merfolk javelineer (Shoals:4)
  A deep elf high priest (Vaults:5)
  A great orb of eyes (Vaults:2)
  4 merfolk impalers
  2 yaktaur captains
  3 hydras
  2 merfolk aquamancers
  2 ironbound frosthearts (Vaults:3)
  8 centaur warriors
  A radroach (Spider:1)
  3 alligator snapping turtles
  A jorogumo (Spider:3)
  A two-headed ogre (D:9)
  A titan zombie (Vaults:4)
  A boulder beetle (Vaults:2)
  An orc high priest (Orc:2)
  A guardian serpent zombie (Vaults:1)
  A skyshark (Shoals:4)
  5 deep elf knights
  3 spark wasp zombies
  A sun moth (Spider:2)
  7 deep trolls
  6 sea snakes
  3 wizards
  9 deep elf archers
  An orb spider (Spider:2)
  A spriggan zombie (D:15)
  A broodmother zombie (Spider:2)
  A jorogumo zombie (Spider:4)
  A harpy (shapeshifter) (D:7)
  4 harpies
  2 steelbarb worms
  15 deep elf pyromancers
  A lindwurm (Vaults:5)
  2 orc knights
  4 ironbound convokers
  5 ugly thing zombies
  A sphinx zombie (Vaults:3)
  13 deep elf zephyrmancers
  A faun (Shoals:2)
  2 ugly things (D:14)
  3 wolf spider zombies
  A fire giant zombie (Vaults:2)
  2 frost giant zombies (Vaults:4)
  2 stone giant zombies
  5 manticores
  3 cyclopes
  4 orc sorcerers
  A black mamba (Lair:3)
  3 merfolk sirens
  2 water nymphs
  An alligator snapping turtle zombie (Shoals:1)
  2 vault sentinels
  3 cane toads
  2 torpor snails (Spider:3)
  A guardian serpent (shapeshifter) (Elf:3)
  An unseen horror zombie (D:11)
  19 human zombies
  An orb spider zombie (Spider:4)
  2 yaktaurs
  5 komodo dragons
  13 redback zombies
  A hydra zombie (D:10)
  9 sea snake zombies
  6 harpy zombies
  7 merfolk
  A meliai (Spider:4)
  6 trolls
  3 wind drakes
  3 tarantellas
  2 hornets
  2 polar bears (shapeshifter)
  11 jumping spider zombies
  A great orb of eyes zombie (Vaults:2)
  A snapping turtle (Shoals:1)
  A dream sheep (Lair:1)
  An ice dragon zombie (D:14)
  A boulder beetle zombie (Vaults:2)
  2 culicivora zombies
  4 tarantella zombies
  5 jumping spiders
  2 slime creatures
  4 culicivoras
  2 slime creature zombies
  A wraith (D:9)
  6 yaks
  A wind drake zombie (Shoals:3)
  3 black mamba zombies
  6 redbacks
  2 skyshark zombies
  2 faun zombies (Shoals:3)
  4 tengu zombies
  14 merfolk zombies
  2 water moccasins
  3 entropy weaver zombies
  A water nymph zombie (Shoals:4)
  6 cane toad zombies
  13 orc warriors
  An ice beast (D:9)
  52 elf zombies
  A black bear (shapeshifter) (D:8)
  A black bear (D:10)
  3 dream sheep zombies (Lair:5)
  A snapping turtle zombie (Shoals:1)
  A hornet zombie (D:13)
  3 manticore zombies
  4 ogres
  A wolf (Lair:3)
  A vampire mosquito zombie (D:12)
  2 centaurs (D:9)
  A rime drake zombie (Lair:5)
  A torpor snail zombie (Spider:2)
  6 komodo dragon zombies (Lair:2)
  A kobold brigand (D:10)
  8 yaktaur zombies (Vaults:4)
  3 bullfrogs
  4 water moccasin zombies
  A polar bear zombie (Lair:2)
  9 yak zombies
  An electric eel (D:11)
  2 wolf zombies (Lair:2)
  8 centaur zombies
  A hound (D:13)
  A black bear zombie (D:8)
  A jelly (D:8)
  5 orc priests
  3 bullfrog zombies
  An acid dragon zombie (D:7)
  17 killer bee zombies
  An ice beast zombie (D:9)
  12 ogre zombies
  3 hound zombies
  A howler monkey zombie (D:8)
  A gnoll (Orc:1)
  A steam dragon zombie (D:7)
  An adder zombie (Sewer)
  10 gnoll zombies
  An iguana zombie (D:7)
  A jelly zombie (D:8)
  A worm zombie (D:9)
  2 worms
  8 orcs
  A bat (D:13)
  A bat zombie (D:13)
  2 giant cockroaches
  2 hobgoblins (D:10)
  2 ball pythons (D:9)
  6 ball python zombies
  A frilled lizard (D:9)
  2 frilled lizard zombies
  A giant cockroach zombie (D:8)
  2 hobgoblin zombies (D:10)
  3 kobolds
  17 kobold zombies
  67 orc zombies
  A rat (D:10)
  2 rat zombies
  A river rat zombie (Sewer)
  6 demonic plants
  42 fungi
  120 plants
  9 snaplasher vines
865 creatures vanquished.

Grand Total: 2211 creatures vanquished

Table legend:
 A = Non-vault XP
 B = Vault XP
 C = Vault XP percentage of total XP
 D = Non-vault monster count
 E = Vault monster count
 F = Vault count percentage of total count
                 A         B        C        D         E       F
            +---------+---------+-------+---------+---------+-------
      Total |  314641 |  219329 |  41.1 |     927 |     485 |  34.3
            +---------+---------+-------+---------+---------+-------
        D:1 |      30 |       0 |   0.0 |      19 |       0 |   0.0
        D:2 |      52 |      53 |  50.5 |      16 |       2 |  11.1
        D:3 |     368 |       0 |   0.0 |      26 |       0 |   0.0
        D:4 |     320 |       0 |   0.0 |      17 |       0 |   0.0
        D:5 |     415 |     205 |  33.1 |       8 |       2 |  20.0
        D:6 |     874 |     877 |  50.1 |      22 |       5 |  18.5
        D:7 |    1469 |       0 |   0.0 |      41 |       0 |   0.0
        D:8 |     842 |       0 |   0.0 |      27 |       0 |   0.0
        D:9 |    3117 |     196 |   5.9 |      19 |       1 |   5.0
       D:10 |    1828 |    3319 |  64.5 |      19 |      10 |  34.5
       D:11 |    2735 |       0 |   0.0 |      13 |       0 |   0.0
       D:12 |    6015 |    3139 |  34.3 |      22 |      46 |  67.6
       D:13 |    9214 |       0 |   0.0 |      21 |       0 |   0.0
       D:14 |    7639 |    4580 |  37.5 |      17 |       6 |  26.1
       D:15 |    5821 |    3637 |  38.5 |      13 |       3 |  18.8
     Lair:1 |    2463 |     240 |   8.9 |       9 |       2 |  18.2
     Lair:2 |    7603 |    3389 |  30.8 |      26 |      11 |  29.7
     Lair:3 |    4491 |    1284 |  22.2 |      16 |       2 |  11.1
     Lair:4 |    3382 |     351 |   9.4 |      17 |       1 |   5.6
     Lair:5 |   11403 |   10062 |  46.9 |      35 |      22 |  38.6
   Shoals:1 |    7684 |       0 |   0.0 |      18 |       0 |   0.0
   Shoals:2 |   16112 |       6 |   0.0 |      31 |       3 |   8.8
   Shoals:3 |   19666 |       0 |   0.0 |      37 |       0 |   0.0
   Shoals:4 |   11168 |   20194 |  64.4 |      25 |      35 |  58.3
   Spider:1 |   14335 |       0 |   0.0 |      37 |       0 |   0.0
   Spider:2 |   16459 |    4194 |  20.3 |      42 |       5 |  10.6
   Spider:3 |   19804 |   15582 |  44.0 |      52 |      30 |  36.6
   Spider:4 |   10109 |   17889 |  63.9 |      22 |      32 |  59.3
      Orc:1 |    2264 |    3603 |  61.4 |      30 |      35 |  53.8
      Orc:2 |    1744 |    7718 |  81.6 |      28 |      30 |  51.7
      Elf:1 |   10438 |    7856 |  42.9 |      20 |      12 |  37.5
      Elf:2 |   10118 |    1463 |  12.6 |      16 |       2 |  11.1
      Elf:3 |   22342 |   37511 |  62.7 |      46 |      33 |  41.8
   Vaults:1 |   19311 |   13189 |  40.6 |      28 |      37 |  56.9
   Vaults:2 |   16321 |     918 |   5.3 |      25 |       1 |   3.8
   Vaults:3 |   24266 |   37762 |  60.9 |      33 |      44 |  57.1
   Vaults:4 |   20825 |   19594 |  48.5 |      32 |      25 |  43.9
   Vaults:5 |    1594 |       0 |   0.0 |       2 |       0 |   0.0
      Sewer |       0 |     518 | 100.0 |       0 |      48 | 100.0
            +---------+---------+-------+---------+---------+-------

Illustrated notes

Table legend:
 A = Kills in this place as a percentage of kills in the entire game.
 B = Kills by you in this place as a percentage of kills by you in the entire game.
 C = Kills by friends in this place as a percentage of kills by friends in the entire game.
 D = Other kills in this place as a percentage of other kills in the entire game.
 E = Experience gained in this place as a percentage of experience gained in the entire game.
 F = Experience gained in this place divided by the number of levels of this place that you have seen.
                   A       B       C       D       E      F
               +-------+-------+-------+-------+-------+----------------------
         Total | 100.0 | 100.0 | 100.0 | 100.0 | 100.0 | 13023.7
       Dungeon |  26.6 |  49.9 |  13.4 |  10.6 |  10.6 | 3783.0
          Lair |  10.0 |  12.2 |   9.1 |   5.3 |   8.4 | 8933.6
        Shoals |  10.6 |   2.1 |  16.3 |   7.4 |  14.0 | 18707.5
   Spider Nest |  15.6 |   3.5 |  23.8 |  11.7 |  18.4 | 24593.0
  Orcish Mines |   8.7 |  10.7 |   5.5 |  25.5 |   2.9 | 7664.5
   Elven Halls |   9.1 |   6.8 |  10.2 |  12.8 |  16.8 | 29909.3
        Vaults |  16.1 |   7.2 |  20.5 |  26.6 |  28.8 | 30756.0
         Sewer |   3.4 |   7.6 |   1.1 |   0.0 |   0.1 | 518.0
               +-------+-------+-------+-------+-------+----------------------

Table legend: (Time is in decaauts)
 A = Elapsed time spent in this place.
 B = Non-inter-level travel time spent in this place.
 C = Inter-level travel time spent in this place.
 D = Time resting spent in this place.
 E = Time spent auto-exploring this place.
 F = Levels seen in this place.
 G = Mean time per level.
                   A        B        C        D        E       F      G
               +--------+--------+--------+--------+--------+-----+--------+
         Total |  46557 |  43937 |   2620 |   5462 |  22282 |  41 | 1135.5 |
       Dungeon |  17973 |  16950 |   1023 |   2144 |  10597 |  15 | 1198.2 |
        Temple |     30 |     17 |     13 |      0 |      0 |   1 |   30.0 |
          Lair |   6777 |   6430 |    347 |   1077 |   3892 |   5 | 1355.4 |
        Shoals |   3888 |   3738 |    150 |    141 |   2094 |   4 |  972.0 |
   Spider Nest |   4515 |   4332 |    183 |   1077 |   1225 |   4 | 1128.8 |
  Orcish Mines |   3017 |   2655 |    362 |    447 |   1010 |   2 | 1508.5 |
   Elven Halls |   3911 |   3669 |    242 |    335 |   1355 |   3 | 1303.7 |
        Vaults |   5872 |   5573 |    299 |    241 |   1827 |   5 | 1174.4 |
        Bazaar |     13 |     13 |      0 |      0 |      0 |   1 |   13.0 |
         Sewer |    555 |    555 |      0 |      0 |    281 |   1 |  555.0 |
               +--------+--------+--------+--------+--------+-----+--------+

Top non-repeatable levels by time:
  Lair:5: 1820 daAuts
     D:7: 1784 daAuts
   Elf:3: 1703 daAuts
    D:12: 1700 daAuts
   Orc:2: 1685 daAuts
  Lair:2: 1604 daAuts
Vaults:1: 1558 daAuts
     D:8: 1538 daAuts
Vaults:2: 1457 daAuts
    D:15: 1455 daAuts
Vaults:3: 1448 daAuts
Spider:3: 1430 daAuts
Vaults:4: 1391 daAuts
     D:3: 1376 daAuts
     D:1: 1334 daAuts
